 Dungeon Crawl Stone Soup version 0.20-a0-848-g73d9be0 (webtiles) character file.

48 4thArraOfDagon the Chopper (level 3, 0/29 HPs)
             Began as a Mummy Wanderer on Mar 9, 2017.
             Slain by a hobgoblin
             ... wielding a cursed -1 club
             ... led by Robin
              (2 damage)
             ... on level 2 of the Dungeon.
             The game lasted 00:02:22 (393 turns).

4thArraOfDagon the Chopper (Mummy Wanderer)          Turns: 393, Time: 00:02:23

Health: 0/29       AC:  8    Str: 16    XL:     3   Next: 50%
Magic:  3/3        EV:  6    Int:  9    God:
Gold:   36         SH:  0    Dex: 13    Spells: 2/2 levels left

rFire    x . .     SeeInvis .   a - +2 hand axe
rCold    + . .     Gourm    .   g - +0 chain mail
rNeg     + + +     Faith    .   (no shield)
rPois    ∞         Spirit   .   (no helmet)
rElec    .         Reflect  .   (no cloak)
rCorr    .         Harm     .   (no gloves)
MR       .....                  (no boots)
Stlth    ..........             (no amulet)
Regen    0.1/turn               (no ring)
MPRegen  0.1/turn               (no ring)

@: no status effects
A: no food or potions, fire vulnerability, cold resistance 1, negative energy
resistance 3, torment resistance, unbreathing
a: no special abilities


You were on level 2 of the Dungeon.
You were not hungry.

You visited 1 branch of the dungeon, and saw 3 of its levels.

You collected 36 gold pieces.

Inventory:

Hand Weapons
 a - a +2 hand axe (weapon)
 c - a +0 shortbow
 e - a +0 dagger
Missiles
 d - 27 arrows
Armour
 b - a +0 ring mail
 g - a +0 chain mail (worn)
Scrolls
 f - 3 scrolls of identify {unknown}


   Skills:
 - Level 3.0 Fighting
 + Level 3.2 Axes
 - Level 1.5 Bows
 - Level 1.0 Armour
 - Level 1.5 Stealth


You had 2 spell levels left.
You didn't know any spells.

Dungeon Overview and Level Annotations

Branches:
Dungeon (3/15)

Altars:

Annotations:
D:2 Robin, Sigmund


Innate Abilities, Weirdness & Mutations

You do not eat or drink.
Your flesh is vulnerable to fire.
You are immune to poison.
Your flesh is cold resistant. (rC+)
You are immune to negative energy. (rN+++)
You are immune to unholy pain and torment.
You can survive without breathing.


Message History

You hit the worm but do no damage. You hit the hobgoblin.
You barely miss the goblin. The goblin hits you but does no damage.
The worm bites you! The hobgoblin hits you with a club.
The goblin hits you with a dagger.
* * * LOW HITPOINT WARNING * * *
Unknown command.
You barely miss the worm. You closely miss the hobgoblin. You hit the goblin.
You kill the goblin!
The hobgoblin hits you but does no damage.
The worm bites you.
* * * LOW HITPOINT WARNING * * *
Unknown command.
Unknown command.
The goblin hits you but does no damage.
A goblin comes into view.
The goblin shouts!
Robin roars a battlecry!
The goblins go into a battle-frenzy!
The goblin hits you but does no damage. The hobgoblin hits you with a club.
You die...

#####......)..................#
..............#..g.##........#
##............#.##.##........#
####............#.##.###########
(.....#........))##g#
#..#.............##.### ..
##.####.......†%.)##...###...$
#..####........ggg.###........
......††........@.w(gg......).
................##.#######....
.........###........# ...
.........# ###.##..... .$
.........# #.###..... #
#..†.....# ..# ###.###
#........# #.## .#
#######.....#. .. .......


You could see a worm, Robin, 2 hobgoblins and 2 goblins.

Vanquished Creatures
  An adder (D:2)
  2 dart slugs
  7 bats
  A giant cockroach (D:2)
  6 goblins
  6 hobgoblins
  3 kobolds
  2 frilled lizards
  A rat (D:1)
29 creatures vanquished.

Notes
Turn   | Place    | Note
-------+----------+-------------------------------------------
     0 | D:1      | 4thArraOfDagon the Mummy Wanderer began the quest for the Orb.
     0 | D:1      | 4thArraOfDagon set off with: a +2 hand axe, a +0 ring mail, a +0 shortbow, 27 arrows, a +0 dagger
     0 | D:1      | Reached XP level 1. HP: 18/18 MP: 1/1
   109 | D:1      | Reached XP level 2. HP: 11/24 MP: 2/2
   294 | D:2      | Reached XP level 3. HP: 20/29 MP: 3/3
   320 | D:2      | Noticed Sigmund
   365 | D:2      | Noticed Robin
   393 | D:2      | Slain by a hobgoblin

Vault maps used:
D:1:      kilobyte_arrival_exit_the_forest
D:2:      uniq_robin, uniq_sigmund
D:3:      nemelex_xobeh_ov_fountains_minmay, grunt_qazlal_sundering

Skill      XL: |  1  2  3 |
---------------+----------+-----
Axes           | 2 3 |  3.2
Fighting       | |  3.0
Bows           | |  1.5
Armour         | |  1.0
Stealth        | |  1.5

Action                   || total
-------------------------++-------
Melee: Hand axe          ||    89
Armor: Ring mail         ||     4
       Chain mail        ||    75
Dodge: Dodged            ||    22
